 Dungeon Crawl Stone Soup version 0.22.1-1-ga44c0e5 (webtiles) character file.

24560 Fang the Cleaver (level 13, -2/75 HPs)
             Began as a Gargoyle Berserker on Oct 23, 2018.
             Was an Elder of Trog.
             Slain by a death yak (12 damage)
             ... on level 6 of the Lair of Beasts on Oct 24, 2018.
             The game lasted 00:25:08 (14864 turns).

Fang the Cleaver (Gargoyle Berserker)              Turns: 14864, Time: 00:25:09

Health: -2/75      AC: 33    Str: 24 (26) XL:     13   Next: 13%
Magic:  0/4        EV: 12    Int:  8      God:    Trog [****..]
Gold:   770        SH:  0    Dex: 12 (13) Spells: 12/12 levels left

rFire    . . .     SeeInvis .   y - +5 battleaxe (antimagic)
rCold    . . .     Gourm    .   (shield currently unavailable)
rNeg     + . .     Faith    .   j - +1 plate armour
rPois    ∞         Spirit   +   (no helmet)
rElec    +         Reflect  .   e - +2 cloak
rCorr    .         Harm     .   r - +2 pair of gloves
MR       .....                  (no boots)
Stlth    ..........             N - amulet of guardian spirit
HPRegen  0.22/turn              m - +4 ring of dexterity
MPRegen  0.09/turn              t - +3 ring of evasion

@: berserk cooldown, slowed, very slow
A: deterioration 1, frail 1, negative energy resistance 1, shaggy fur 1,
electricity resistance, unbreathing, petrification resistance, rot immunity, AC
+9
a: Berserk, Trog's Hand, Brothers in Arms, Renounce Religion


You were on level 6 of the Lair of Beasts.
You worshipped Trog.
Trog was greatly pleased with you.
You were near starving.

You visited 3 branches of the dungeon, and saw 16 of its levels.

You collected 770 gold pieces.

Inventory:

Hand Weapons
 n - a +0 war axe
 y - a +5 antimagic battleaxe (weapon)
Armour
 e - a +2 cloak (worn)
 j - a +1 plate armour (worn)
 r - a +2 pair of gloves (worn)
Jewellery
 m - a +4 ring of dexterity (left hand)
 o - an uncursed ring of see invisible
 t - a +3 ring of evasion (right hand)
 B - an uncursed amulet of faith
 H - a +3 ring of intelligence
 N - an amulet of guardian spirit (around neck)
Wands
 b - a wand of acid (24)
 l - a wand of random effects (34)
 u - a wand of flame (118)
 w - a wand of disintegration (20)
 x - a wand of iceblast (9)
Scrolls
 a - a scroll of random uselessness {unknown}
 f - 4 scrolls of remove curse
 s - 4 scrolls of fog
 F - a scroll of fear
 I - 4 scrolls of magic mapping
 J - a scroll of blinking
 L - 2 scrolls of teleportation
 M - 2 scrolls of identify
Potions
 d - a potion of flight
 g - 4 potions of curing
 h - 3 potions of agility
 i - 2 potions of cancellation
 p - 4 potions of might
 q - 4 potions of lignification
 v - 2 potions of invisibility
 z - 6 potions of haste
 A - a potion of berserk rage
 C - 2 potions of heal wounds
 D - 2 potions of brilliance {unknown}
 E - a potion of ambrosia {unknown}
Comestibles
 c - 34 rations


   Skills:
 + Level 11.3 Fighting
 + Level 14.9 Axes
 + Level 9.9 Armour
 + Level 3.7 Dodging
 + Level 2.8 Stealth


You had 12 spell levels left.
You didn't know any spells.
Your spell library was empty.

Dungeon Overview and Level Annotations

Branches:
Dungeon (9/15)             Temple (1/1) D:4            Lair (6/6) D:8
 Shoals (0/4) Lair:2       Spider (0/4) Lair:4        Slime (0/5) Lair:6
    Orc: D:9-12

Altars:
Elyvilon
Fedhas
Gozag
Hepliaklqana
Kikubaaqudgha
Nemelex Xobeh
Qazlal
Sif Muna
Trog
Uskayaw
Vehumet
Wu Jian

Shops:
D:6 *

Annotations:
D:7 2 transporters


Innate Abilities, Weirdness & Mutations

You are resistant to torment.
Your stone body is resilient. (AC +9)
You are immune to poison.
You resist negative energy. (rN+)
You are resistant to electric shocks. (rElec)
You can survive without breathing.
You are immune to petrification.
You are immune to rotting.
Your body sometimes deteriorates upon taking damage.
You are frail. (-10% HP)
You are covered in fur. (AC +1)


Message History

Unknown command.
You are too injured to fight recklessly!
You barely miss the death yak. You hit the death yak but do no damage.
You hit the death yak.
Your plate armour prevents you from hitting the death yak.
You hit the death yak but do no damage. The death yak gores you.
The death yak gores you but does no damage. x2
The death yak gores you!
* * * LOW HITPOINT WARNING * * *
Your body deteriorates!
You feel weakened. The death yak gores you!
* * * LOW HITPOINT WARNING * * *
The death yak barely misses you.
You slice the death yak!!
The death yak is moderately wounded.
You slash the death yak! You hit the death yak. You slash the death yak!
Your plate armour prevents you from hitting the death yak.
The death yak gores you but does no damage. x2
The death yak gores you!
You die...

#.##..#. ##...#.. #......
## ##.....# #..#......#
#........# ##.....YF.### #
#.....YYYH..## #. #.##
......Y@YP...#... . ..##
#P...####........
...##.####### #..#........
.....<..P# ##..........
.........## #..........P
..........#####..........P
..).........##...........P
............#.............
...........#..P...........


You could see 6 death yaks, a hippogriff and a spiny frog.

Vanquished Creatures
  Harold (D:8)
  3 hydras
  A two-headed ogre (D:8)
  An orb spider (Lair:4)
  2 merfolk sirens (Lair:2)
  4 black mambas
  5 spiny frogs
  4 rime drakes
  2 komodo dragons
  2 merfolk (Lair:2)
  3 polar bears
  A hornet (D:8)
  9 blink frogs
  4 hippogriffs
  2 spriggans (Lair:3)
  A wraith (D:8)
  8 yaks
  2 wyverns
  Eustachio (D:6)
  A hungry ghost (D:7)
  A basilisk (Lair:3)
  Menkaure (D:6)
  Edmund (D:6)
  Duvessa (D:7)
  8 water moccasins
  9 porcupines
  4 black bears
  4 orc warriors
  2 ice beasts
  2 sky beasts (D:9)
  4 ogres
  A phantom (D:9)
  13 wolves
  7 centaurs
  9 crocodiles
  3 big kobolds (D:9)
  14 bullfrogs
  Dowan (D:7)
  3 scorpions
  A wyvern skeleton (D:9)
  10 killer bees
  3 wights (D:7)
  2 howler monkeys (D:8)
  6 crimson imps
  3 hounds
  2 quasits
  A bullfrog zombie (D:8)
  2 centaur zombies
  A jelly (D:7)
  A gnoll shaman (D:4)
  6 orc priests
  8 orc wizards
  6 iguanas
  4 centaur skeletons
  2 worker ants
  A hound skeleton (D:6)
  Robin (D:2)
  16 adders
  11 gnolls
  A howler monkey skeleton (D:9)
  3 oozes
  3 adder skeletons
  2 worms
  2 dart slugs
  2 leopard geckos
  51 orcs
  7 giant cockroaches
  17 goblins
  6 hobgoblins
  6 jackals
  18 kobolds
  6 quokkas
  2 ball pythons
  10 bats
  4 frilled lizards
  A quokka skeleton (D:6)
  A quokka zombie (D:8)
  5 rats
  5 fungi
  6 plants
390 creatures vanquished.

Vanquished Creatures (others)
  A wizard (D:3)
  8 fungi
  4 plants
13 creatures vanquished.

Grand Total: 403 creatures vanquished

Notes
Turn   | Place    | Note
-------+----------+-------------------------------------------
     0 | D:1      | Fang the Gargoyle Berserker began the quest for the Orb.
     0 | D:1      | Reached XP level 1. HP: 14/14 MP: 1/1
   128 | D:1      | Reached XP level 2. HP: 15/19 MP: 2/2
   220 | D:1      | Reached skill level 3 in Axes
   534 | D:1      | Reached XP level 3. HP: 21/24 MP: 3/3
  1089 | D:2      | Noticed Robin
  1360 | D:2      | Killed Robin
  1360 | D:2      | Reached XP level 4. HP: 9/29 MP: 4/4
  1392 | D:2      | Reached ** piety under Trog
  1722 | D:2      | Found a stormy altar of Qazlal.
  1766 | D:2      | Found a blossoming altar of Fedhas.
  1963 | D:2      | Found a faded altar of an unknown god.
  2299 | D:3      | Found an ornate altar of the Wu Jian Council.
  2394 | D:3      | Reached XP level 5. HP: 27/33 MP: 5/5
  2514 | D:3      | Reached skill level 1 in Stealth
  2746 | D:3      | Found a bloodstained altar of Trog.
  2753 | D:3      | Noticed a wizard
  2758 | D:3      | Killed a wizard
  2995 | D:3      | Reached skill level 4 in Axes
  3143 | D:3      | Reached *** piety under Trog
  3304 | D:4      | Reached XP level 6. HP: 32/39 MP: 6/6
  3480 | D:4      | Found a staircase to the Ecumenical Temple.
  3508 | Temple   | Entered the Ecumenical Temple
  3523 | D:4      | Reached skill level 5 in Axes
  3549 | D:4      | Found a white marble altar of Elyvilon.
  3752 | D:4      | Found a hazy altar of Hepliaklqana.
  3906 | D:5      | Entered Level 5 of the Dungeon
  3972 | D:5      | Reached XP level 7. HP: 32/44 MP: 7/7
  4076 | D:5      | Found an opulent altar of Gozag.
  4699 | D:6      | Reached skill level 5 in Fighting
  4756 | D:6      | Found Kysiedgh's Assorted Antiques.
  4787 | D:6      | Noticed Edmund
  4788 | D:6      | Noticed Eustachio
  4796 | D:6      | Reached skill level 6 in Axes
  4801 | D:6      | Killed Edmund
  4801 | D:6      | Reached XP level 8. HP: 50/50 MP: 8/8
  4809 | D:6      | Killed Eustachio
  5005 | D:6      | Noticed Menkaure
  5015 | D:6      | Killed Menkaure
  5015 | D:6      | Reached skill level 7 in Axes
  5073 | D:6      | Reached **** piety under Trog
  5301 | D:6      | Reached skill level 8 in Axes
  5458 | D:6      | Found a radiant altar of Vehumet.
  5656 | D:6      | Reached XP level 9. HP: 44/56 MP: 9/9
  5785 | D:7      | Gained mutation: You are frail. (-10% HP) [potion of
                  | mutation]
  5785 | D:7      | Gained mutation: Your body sometimes deteriorates upon
                  | taking damage. [potion of mutation]
  5785 | D:7      | Gained mutation: You are covered in fur. (AC +1) [potion of
                  | mutation]
  6075 | D:7      | Found an ancient bone altar of Kikubaaqudgha.
  6084 | D:7      | Reached skill level 9 in Axes
  6141 | D:7      | Noticed Dowan
  6142 | D:7      | Noticed Duvessa
  6157 | D:7      | Killed Duvessa
  6159 | D:7      | Killed Dowan
  6220 | D:7      | Reached ***** piety under Trog
  6541 | D:7      | Found a sparkling altar of Nemelex Xobeh.
  6593 | D:7      | Found a transporter.
  6594 | D:7      | Noticed a kobold demonologist
  6608 | D:7      | Noticed an orc sorcerer
  6632 | D:7      | Noticed a kobold demonologist
  6638 | D:7      | Found a transporter.
  6685 | D:7      | Reached skill level 10 in Axes
  6921 | D:8      | Noticed Harold
  6923 | D:8      | Noticed an enchanted dagger
  6923 | D:8      | Noticed a dagger
  6932 | D:8      | Reached XP level 10. HP: 57/57 MP: 10/10
  6944 | D:8      | Killed Harold
  6944 | D:8      | Reached skill level 5 in Armour
  7066 | D:8      | Noticed a two-headed ogre
  7088 | D:8      | Reached skill level 11 in Axes
  7103 | D:8      | Found a staircase to the Lair.
  7138 | D:7      | Paralysed by fainting for 10 turns
  7576 | D:8      | Killed a two-headed ogre
  7576 | D:8      | Received a gift from Trog
  7698 | D:8      | Found a hide-covered altar of Uskayaw.
  7854 | D:8      | Found a deep blue altar of Sif Muna.
  8001 | D:8      | Reached XP level 11. HP: 40/63 MP: 3/11
  8977 | D:9      | Reached skill level 12 in Axes
  9106 | Lair:1   | Entered Level 1 of the Lair of Beasts
 10175 | Lair:2   | Found a staircase to the Shoals.
 10194 | Lair:2   | Reached skill level 13 in Axes
 10211 | Lair:2   | Received a gift from Trog
 10530 | Lair:2   | Reached skill level 10 in Fighting
 10530 | Lair:2   | Reached XP level 12. HP: 53/69 MP: 4/12
 10537 | Lair:2   | Found a frozen archway.
 11242 | Lair:3   | Noticed an eight-headed hydra
 11255 | Lair:3   | Killed a 13-headed hydra
 12172 | Lair:4   | Reached skill level 14 in Axes
 12706 | Lair:4   | You fall through a shaft for 2 floors!
 12706 | Lair:6   | Entered Level 6 of the Lair of Beasts
 12729 | Lair:6   | Found a staircase to the Slime Pits.
 12933 | Lair:5   | Noticed an eight-headed hydra
 12951 | Lair:5   | Killed an 18-headed hydra
 13330 | Lair:5   | Reached XP level 13. HP: 75/75 MP: 4/13
 14163 | Lair:4   | Found a hole to the Spider Nest.
 14864 | Lair:6   | Slain by a death yak

Skill      XL: |  1  2  3  4  5  6  7  8  9 10 11 12 |
---------------+-------------------------------------+-----
Axes           | 3 4 5 6 8 10 11 13 14 | 14.9
Fighting       | 4 5 6 7 9 10 11 | 11.3
Dodging        | 2 3 |  3.7
Stealth        | 1 2 |  2.8
Armour         | 3 4 7 8 9 |  9.9

Action                   |  1- 3 |  4- 6 |  7- 9 | 10-12 | 13-15 || total
-------------------------+-------+-------+-------+-------+-------++-------
Melee: Hand axe          |    90 |   234 |    13 |       |       ||   337
       War axe           |       |       |   332 |   107 |       ||   439
       Battleaxe         |       |       |       |   482 |    42 ||   524
Invok: Berserk           |     3 |     3 |     8 |     6 |     1 ||    21
       Brothers in Arms  |       |       |       |       |     1 ||     1
  Use: Scroll            |       |    17 |     6 |     9 |       ||    32
       Potion            |       |       |     1 |     3 |     2 ||     6
 Stab: Sleeping          |     1 |     1 |       |       |       ||     2
  Eat: Chunk             |     3 |    13 |    11 |    27 |     2 ||    56
       Ration            |       |       |     1 |     2 |     1 ||     4
Armor: Animal skin       |    27 |    54 |     3 |       |       ||    84
       Plate armour      |       |       |   267 |   636 |    49 ||   952
Dodge: Dodged            |    71 |   187 |   225 |   462 |    40 ||   985
